 Dungeon Crawl Stone Soup version 0.29.1-15-g9cfb28693d (webtiles) character file.

Game seed: 5427568515916217193

45 javelincjr the Magician (level 3, -6/24 HPs)
             Began as a Demonspawn Hedge Wizard on Apr 4, 2023.
             Mangled by Natasha (9 damage)
             ... on level 2 of the Dungeon.
             The game lasted 00:10:38 (2681 turns).

javelincjr the Magician (Demonspawn Hedge Wizard)   Turns: 2681, Time: 00:10:39

Health: -6/24      AC:  2    Str: 12    XL:     3   Next: 42%
Magic:  0/7        EV: 12    Int: 15    God:
Gold:   101        SH:  0    Dex: 12    Spells: 3/8 levels left

rFire   . . .      SeeInvis +   a - +0 dagger
rCold   . . .      Faith    .   (no shield)
rNeg    . . .      Spirit   .   b - +0 robe
rPois   .          Reflect  .   c - +0 hat
rElec   .          Harm     .   (no cloak)
rCorr   .          Rampage  .   (no gloves)
Will    .....                   (no boots)
Stlth   ++........              s - amulet of regeneration
HPRegen 0.88/turn               n - ring of see invisible
MPRegen 0.10/turn               (no ring)

@: slowed, very slow
A: ignite blood 1
a: no special abilities


You were on level 2 of the Dungeon.
You visited 1 branch of the dungeon, and saw 3 of its levels.

You collected 101 gold pieces.

Inventory:

Hand Weapons
 a - a +0 dagger (weapon)
Missiles
 e - 8 poisoned darts
 f - 4 javelins
 p - 2 atropa-tipped darts
Armour
 b - a +0 robe (worn)
 c - a +0 hat (worn)
Jewellery
 n - a ring of see invisible (left hand)
 s - an amulet of regeneration (around neck)
Scrolls
 g - a scroll of poison {unknown}
 i - 2 scrolls of enchant weapon {unknown}
 j - a scroll of blinking {unknown}
 l - a scroll of identify {unknown}
 o - 2 scrolls of amnesia {unknown}
 q - a scroll of teleportation {unknown}
Potions
 d - a potion of magic
 h - a potion of curing {unknown}
 k - a potion of experience {unknown}
 m - 2 potions of haste {unknown}
 r - a potion of flight {unknown}
 t - a potion of berserk rage {unknown}


   Skills:
 + Level 2.1 Dodging
 + Level 2.2 Stealth
 + Level 3.2 Spellcasting
 + Level 1.5 Conjurations
 + Level 1.6 Summonings
 + Level 1.4 Translocations


You had 3 spell levels left.
You knew the following spells:

 Your Spells              Type           Power      Damage    Failure   Level
a - Magic Dart            Conj           28%        1d4       11%         1
b - Call Imp              Summ           7%         N/A       16%         2
c - Blink                 Tloc           12%        N/A       17%         2

Your spell library contained the following spells:

 Spells                   Type           Power      Damage    Failure   Level
 Slow                     Hex            8%         N/A       21%         1
 Gell's Gravitas          Tloc           6%         N/A       32%         3
 Teleport Other           Tloc           6%         N/A       32%         3
 Conjure Flame            Conj/Fire      4%         6-21      41%         3
 Mephitic Cloud           Conj/Pois/Air  3%         N/A       43%         3
 Animate Armour           Summ/Erth      8%         N/A       80%         4
 Blade Hands              Tmut           1%         N/A       99%         5
 Dispersal                Tloc           3%         N/A       100%        6
 Iron Shot                Conj/Erth      2%         9d2       100%        6


Dungeon Overview and Level Annotations

Branches:
Dungeon (3/15)

Altars:
Xom

Shops:
D:1 :

Annotations:
D:2 Natasha


Innate Abilities, Weirdness & Mutations

Your demonic aura sometimes causes spilled blood to erupt in flames.


Message History

You climb upwards.
The shadow imp disappears in a puff of smoke!
There is a stone staircase leading down here.
Casting: Magic Dart (safe; 11% risk of failure)
Confirm with . or Enter, or press ? or * to list all spells.
Aiming: Magic Dart (safe; 11% risk of failure)
Press: ? - help, Shift-Dir - straight line, f - Natasha
Aim: Natasha (moderately wounded, 100% to hit)
The magic dart hits Natasha.
Natasha is heavily wounded.
Natasha closely misses you.
You hit Natasha.
Natasha is severely wounded.
Natasha closely misses you.
You hit Natasha but do no damage.
Natasha is severely wounded.
Natasha claws you but does no damage.
Your magical contamination has completely faded away.
You hit Natasha but do no damage.
Natasha is severely wounded.
Natasha closely misses you.
You hit Natasha.
Natasha is almost dead.
Natasha casts a spell at you.
You feel yourself slow down.
Casting: Magic Dart (safe; 11% risk of failure)
Confirm with . or Enter, or press ? or * to list all spells.
Aiming: Magic Dart (safe; 11% risk of failure)
Press: ? - help, Shift-Dir - straight line, f/p - Natasha
Aim: Natasha (almost dead, 100% to hit)
The magic dart hits Natasha but does no damage.
Natasha is almost dead.
Natasha claws you.
You hit Natasha but do no damage.
Natasha is almost dead.
Natasha casts a spell at you. The magic dart hits you!
* * * LOW HITPOINT WARNING * * *
Natasha claws you!
You die...

......### #######.........###
........####### #..##########
.....##.......# #####.## #....
.....########.###..[..#######.###
.....# #..##.....'.##<......
.....# ##........#+######.##
.....# ###.................
.....# ###............##..#
.....# #..@...........###.#
.....# #..h...........###.#
##############..##.###........#.#
#........#.....# #.....##.#..
###.#....#.#.#######.....##.###
###....<##.#.#.# #......###....
.##.#....#.#.#.### #......# ####.
.##.###..#.......# #......####...
.##.# ######.#######.........####


You could see Natasha.

Vanquished Creatures
  An adder (D:2)
  2 bats
  5 endoplasms
  A giant cockroach (D:2)
  A hobgoblin (D:1)
  5 jackals (D:1)
  3 quokkas
  4 ball pythons
  5 goblins
  2 kobolds
  2 rats (D:1)
31 creatures vanquished.

Vanquished Creatures (others)
  2 fungi (D:2)
  6 plants (D:2)
8 creatures vanquished.

Grand Total: 39 creatures vanquished

Notes
Turn   | Place    | Note
-------+----------+-------------------------------------------
     0 | D:1      | javelincjr the Demonspawn Hedge Wizard began the quest for
                  | the Orb.
     0 | D:1      | Reached XP level 1. HP: 13/13 MP: 4/4
    40 | D:1      | Reached skill level 1 in Translocations
   241 | D:1      | Gained mutation: Your demonic aura sometimes causes spilled
                  | blood to erupt in flames. [demonic ancestry]
   241 | D:1      | Reached XP level 2. HP: 9/19 MP: 0/6
   883 | D:1      | Found Noilui's Book Boutique.
  1551 | D:2      | Learned a level 2 spell: Call Imp
  1554 | D:2      | Learned a level 2 spell: Blink
  1959 | D:2      | Reached XP level 3. HP: 24/24 MP: 0/7
  2103 | D:2      | Found a faded altar of an unknown god.
  2106 | D:2      | Prayed at the altar of an unknown god.
  2106 | D:2      | Became a worshipper of Xom of Ineffable Intent
  2107 | D:2      | Fell from the grace of Xom
  2665 | D:3      | Noticed Natasha
  2681 | D:2      | Mangled by Natasha

Illustrated notes

Levels and vault maps discovered:
D:1:      dpeg_arrival_simpleton_c, layout_basic, serial_shops,
          nicolae_shop_stone
D:2:      layout_basic, shapermc_ecumenical_altar_mp_urbaneastern,
          minmay_pentomino_s2
D:3:      layout_basic, biasface_ghost_orc_armoury, grunt_ministairs_13,
          uniq_natasha, uniq_terence

Skill      XL: |  1  2 |
---------------+-------+-----
Translocations | 1 |  1.4
Stealth        | 2 |  2.2
Dodging        | 2 |  2.1
Spellcasting   | |  3.2
Conjurations   | |  1.5
Summonings     | |  1.6

Action                   || total
-------------------------++-------
Melee: Dagger            ||    60
 Cast: Magic Dart        ||    86
       Blink             ||     1
       Call Imp          ||     1
Invok: Renounce Religion ||     1
Armor: Robe              ||    18
Dodge: Dodged            ||    51
